 Dungeon Crawl Stone Soup version 0.18.1-8-gdd0e5ea (webtiles) character file.

279 Metae the Skirmisher (level 6, 0/57 HPs)
             Began as a Minotaur Fighter on June 8, 2016.
             Was an Initiate of Okawaru.
             Slain by AnotherOne's ghost (9 damage)
             ... on level 4 of the Dungeon.
             The game lasted 00:13:20 (3343 turns).

Metae the Skirmisher (Minotaur Fighter)             Turns: 3343, Time: 00:13:20

Health: 0/57       AC:  7    Str: 26    XL:     6   Next: 5%
Magic:  5/5        EV:  8    Int:  5    God:    Okawaru [......]
Gold:   149        SH: 10    Dex: 11    Spells: 0 memorised, 5 levels left

rFire  . . .     SeeInvis .     a - +0 trident
rCold  . . .     Gourm    .     b - +0 scale mail
rNeg   + . .     Faith    .     c - +0 shield
rPois  .         Spirit   .     (helmet restricted)
rElec  .         Dismiss  .     (no cloak)
rCorr  +         Reflect  .     (no gloves)
SustAt .         Harm     .     (no boots)
MR     .....                    (no amulet)
Stlth  ..........               l - ring of positive energy
                                j - ring of resist corrosion

@: mighty, not resistant to hostile enchantments, extremely unstealthy
A: retaliatory headbutt, horns 2
a: Renounce Religion


You were on level 4 of the Dungeon.
You worshipped Okawaru.
Okawaru was noncommittal.
You were not hungry.

You visited 1 branch of the dungeon, and saw 4 of its levels.

You collected 149 gold pieces.

Inventory:

Hand Weapons
 a - a +0 trident (weapon)
 x - a +0 spear
 y - a +0 trident
Armour
 b - a +0 scale mail (worn)
 c - a +0 shield (worn)
 k - a +0 scale mail
Jewellery
 j - a ring of resist corrosion (left hand)
 l - a ring of positive energy (right hand)
Scrolls
 e - 2 scrolls of magic mapping {unknown}
 h - 2 scrolls of teleportation {unknown}
 n - 4 scrolls of identify {unknown}
 p - 3 scrolls of remove curse {unknown}
 q - 2 scrolls of amnesia {unknown}
 r - a scroll of immolation {unknown}
 v - 2 scrolls of random uselessness {unknown}
Potions
 d - 2 potions of might
 i - 2 potions of cure mutation
 m - a potion of resistance {unknown}
 o - a potion of curing {unknown}
 s - 2 potions of cancellation {unknown}
 t - a potion of brilliance {unknown}
 w - 3 potions of heal wounds {unknown}
 z - a potion of flight {unknown}
 A - a potion of lignification {unknown}
Comestibles
 f - 3 bread rations
 g - 4 meat rations
 u - a chunk of flesh
 B - a beef jerky


   Skills:
 * Level 5.7 Fighting
 + Level 3.4 Polearms
 * Level 5.7 Armour
 + Level 4.6 Shields


You had 5 spell levels left.
You didn't know any spells.

Dungeon Overview and Level Annotations

Branches:
Dungeon (4/15)
 Temple: D:4-7

Altars:
Gozag
Kikubaaqudgha
Makhleb
Nemelex Xobeh
Okawaru
Pakellas
Sif Muna
Zin
The Shining One

Annotations:
D:4 AnotherOne's ghost, novice HuFi


Innate Abilities, Weirdness & Mutations

You reflexively headbutt those who attack you in melee.
You have a pair of horns on your head.


Message History

AnotherOne's ghost screams, "Very impressive.
But it won't help.
Nothing will."
AnotherOne's ghost dodges and says, "Too slow!"
AnotherOne's ghost hits you.
* * * LOW HITPOINT WARNING * * *
Some of the chunks of flesh in your inventory have rotted away.
You hear the brisk hiss of a very distant avalanche of sand.
You closely miss the worker ant. Your headbutt misses the worker ant.
You block the worker ant's attack.
The worker ant bites you but does no damage.
You puncture the worker ant! You headbutt the worker ant.
You kill the worker ant!
Okawaru accepts your kill.
You have reached level 6!
Your experience leads to an increase in your attributes!
Your base attributes are Str 21, Int 5, Dex 10.
Increase (S)trength, (I)ntelligence, or (D)exterity?
You feel agile.
It was a potion of cure mutation.
It has a very clean taste.
AnotherOne's ghost hits you!
You die...

#.# ##.##.# #.# #..#)# #.#
##.#.# #.# #...# #.##
##..# #..# #..# ##.#
##########..# #'#
##....[...#..# ##.##
#.#.)....@#.W.#####
##...##.#.......#W#......#
...............#.##.>..#.#
..............#.# #....#
.............#.#
###..#######
............#.# #..#.....#
..#.#..#...#.# #....# #
##...######.# ##.#####.#
..#.#..#...#.# #.##... #


You could see AnotherOne's ghost.

Vanquished Creatures
  A hound (D:4)
  Jessica (D:3)
  2 worker ants (D:4)
  A hound skeleton (D:3)
  7 adders
  3 worms (D:2)
  4 dart slugs
  5 giant geckos
  6 orcs
  A ball python (D:2)
  7 bats
  2 giant cockroaches (D:3)
  5 goblins
  12 hobgoblins
  3 jackals (D:2)
  A quokka (D:3)
  6 giant newts
  4 kobolds
  6 rats
77 creatures vanquished.

Notes
Turn   | Place    | Note
--------------------------------------------------------------
     0 | D:1      | Metae the Minotaur Fighter began the quest for the Orb.
     0 | D:1      | Reached XP level 1. HP: 19/19 MP: 0/0
    81 | D:1      | Reached XP level 2. HP: 27/27 MP: 1/1
  1179 | D:2      | Reached XP level 3. HP: 32/33 MP: 2/2
  1203 | D:2      | Found a sparkling altar of Nemelex Xobeh.
  1653 | D:2      | Found an opulent altar of Gozag.
  1884 | D:2      | Reached XP level 4. HP: 41/41 MP: 3/3
  2119 | D:3      | Reached skill level 5 in Armour
  2373 | D:3      | Found a glowing silver altar of Zin.
  2374 | D:3      | Found an iron altar of Okawaru.
  2375 | D:3      | Found a burning altar of Makhleb.
  2375 | D:3      | Found a glowing golden altar of the Shining One.
  2376 | D:3      | Found an oddly glowing altar of Pakellas.
  2376 | D:3      | Found an ancient bone altar of Kikubaaqudgha.
  2377 | D:3      | Found a deep blue altar of Sif Muna.
  2432 | D:3      | Became a worshipper of Warmaster Okawaru
  2484 | D:3      | Noticed Jessica
  2488 | D:3      | Killed Jessica
  2488 | D:3      | Reached XP level 5. HP: 47/47 MP: 4/4
  2635 | D:3      | Reached skill level 5 in Fighting
  3267 | D:4      | Noticed AnotherOne's ghost (novice HuFi)
  3342 | D:4      | Reached XP level 6. HP: 9/57 MP: 5/5
  3343 | D:4      | Slain by AnotherOne's ghost

Skill      XL: |  1  2  3  4  5 |
---------------+----------------+-----
Fighting       | 4 5 |  5.7
Armour         | 4 5 |  5.7
Shields        | 4 |  4.6
Polearms       | 3 |  3.4

Action                   |  1- 3 |  4- 6 || total
-------------------------+-------+-------++-------
Melee: Trident           |   101 |   100 ||   201
       Headbutt          |    16 |    20 ||    36
  Use: Potion            |       |     2 ||     2
  Eat: Meat ration       |     1 |       ||     1
       Chunk             |       |     3 ||     3
Armor: Scale mail        |    67 |    31 ||    98
Dodge: Dodged            |    33 |    28 ||    61
Block: Shield            |    67 |    50 ||   117
